 Dungeon Crawl Stone Soup version 0.25-a0-834-g55863b0 (webtiles) character file.

Game seed: 12327761717261858794, levelgen mode: deterministic

542320 Faca the Slayer (level 25, -2/216 HPs)
             Began as a Mummy Fighter on Apr 21, 2020.
             Was an Initiate of Gozag.
             Slain by a titan (29 damage)
             ... on level 4 of the Vaults on Apr 22, 2020.
             The game lasted 03:16:36 (88650 turns).

Faca the Slayer (Mummy Fighter)                    Turns: 88650, Time: 03:16:36

Health: -2/216     AC: 51    Str: 37    XL:     25   Next: 29%
Magic:  23/23      EV: 12    Int: 10    God:    Gozag
Gold:   3025       SH: 25    Dex: 11    Spells: 24/24 levels left

rFire    + + +     SeeInvis .   t - +9 morningstar (protect)
rCold    + + +     Gourm    .   m - +1 tower shield {AC+3}
rNeg     + + +     Faith    .   p - +15 Maxwell's patent armour {-Cast -Tele rElec MR+ rCorr}
rPois    ∞         Spirit   .   w - +2 helmet of the Game of Life {*Slow rF+ Regen+ Str+3}
rElec    +         Reflect  .   u - scarf {rC+ rF+}
rCorr    +         Harm     .   j - +0 pair of gloves "Ycsoblig" {rF+ rC+}
MR       +++++     NoTele   +   I - +1 pair of boots of Tenacity {rPois Int+2} Stlth ..........NoCast +
                                s - necklace of Bloodlust {*Rage +Rage MR++ Int-3 Slay+6 *Curse}
HPRegen  0.86/turn              F - ring of protection from fire
MPRegen  0.18/turn              e - +6 ring of strength

@: protection aura, studying Shields
A: no food or potions, fire vulnerability, cold resistance 1, negative energy
resistance 3, torment resistance, unbreathing, in touch with death 1
}: 2/15 runes: decaying, gossamer
a: Potion Petition, Call Merchant, Bribe Branch, Renounce Religion


You were on level 4 of the Vaults.
You worshipped Gozag.
Gozag was most pleased with you.
You were not hungry.

You visited 9 branches of the dungeon, and saw 45 of its levels.
You visited 1 bazaar.
You also visited: Sewer, Gauntlet, Ice Cave and Wizlab.

You collected 28953 gold pieces.
You spent 5332 gold pieces at shops.
You paid 20596 gold pieces to Gozag.

Inventory:

Hand Weapons
 a - the +10 short sword of Unpleasantness {vorpal, rF++ Dex+4}
   (You took it off an orc on level 12 of the Dungeon)

   It inflicts extra damage upon your enemies.
   It affects your dexterity (+4).
   It greatly protects you from fire.
 t - a +9 morningstar of protection (weapon)
Missiles
 c - 28 silver javelins
 h - 18 javelins
 n - 55 boomerangs (quivered)
 v - 4 throwing nets
Armour
 g - a +2 helmet of see invisible
 j - the +0 pair of gloves "Ycsoblig" (worn) {rF+ rC+}
   (You found it on level 3 of the Depths)

   It protects you from fire.
   It protects you from cold.
 m - a +1 tower shield of protection (worn)
 p - the +15 Maxwell's patent armour (worn) {-Cast -Tele rElec MR+ rCorr}
   (You bought it in a shop on level 1 of the Depths)

   It insulates you from electricity.
   It affects your resistance to hostile enchantments.
   It prevents spellcasting.
   It prevents most forms of teleportation.
   It provides partial protection from all sources of acid and corrosion.
 u - a scarf of resistance (worn)
 w - the +2 helmet of the Game of Life (worn) {*Slow rF+ Regen+ Str+3}
   (You bought it in a shop on level 2 of the Orcish Mines)

   It affects your strength (+3).
   It protects you from fire.
   It increases your rate of regeneration.
   It may slow you when you take damage.
 I - the +1 pair of boots of Tenacity (worn) {rPois Int+2}
   (You acquired it on level 15 of the Dungeon)

   It affects your intelligence (+2).
   It protects you from poison.
Jewellery
 e - a +6 ring of strength (right hand)
 s - the necklace of Bloodlust (around neck) {*Rage +Rage MR++ Int-3 Slay+6 *Curse}
   (You bought it in a shop on level 2 of the Orcish Mines)

   [amulet of rage]

   It affects your intelligence (-3).
   It affects your accuracy and damage with ranged weapons and melee attacks
   (+6).
   It affects your resistance to hostile enchantments.
   It lets you go berserk.
   It may make you go berserk in combat.
   It curses itself when equipped.
 B - an uncursed ring of resist corrosion
 F - a ring of protection from fire (left hand)
Wands
 A - a wand of acid (15)
 E - a wand of digging (29)
Scrolls
 b - a scroll of summoning
 d - 14 scrolls of identify
 f - 23 scrolls of remove curse
 i - 10 scrolls of teleportation
 k - 9 scrolls of enchant weapon
 l - a scroll of blinking
 q - 3 scrolls of fog
 r - a scroll of magic mapping
 y - 8 scrolls of immolation
 C - 6 scrolls of enchant armour
 D - a scroll of brand weapon
 H - 2 scrolls of silence
 J - 2 scrolls of torment
Books
 x - a manual of Shields


   Skills:
 + Level 21.9 Fighting
 + Level 20.2 Maces & Flails
 + Level 8.8 Throwing
 + Level 17.8 Armour
 - Level 10.0 Dodging
 + Level 18.2 Shields


You had 24 spell levels left.
You didn't know any spells.
Your spell library contained the following spells:

 Spells                   Type           Power        Failure   Level  Hunger
 Animate Skeleton         Necr           N/A          97%         1    N/A
 Apportation              Tloc           #.....       97%         1    N/A
 Corona                   Hex            #......      97%         1    N/A
 Foxfire                  Conj/Fire      #...         97%         1    N/A
 Freeze                   Ice            #...         97%         1    N/A
 Infusion                 Chrm           #...         97%         1    N/A
 Magic Dart               Conj           #...         97%         1    N/A
 Sandblast                Erth           #.....       97%         1    N/A
 Summon Butterflies       Summ           #.......     97%         1    N/A
 Summon Small Mammal      Summ           #...         97%         1    N/A
 Blink                    Tloc           N/A          99%         2    N/A
 Call Imp                 Summ           #.......     99%         2    N/A
 Ensorcelled Hibernation  Hex/Ice        #.....       99%         2    N/A
 Passwall                 Tmut/Erth      #.......     99%         2    N/A
 Searing Ray              Conj           #.....       99%         2    N/A
 Shroud of Golubria       Chrm/Tloc      #.....       99%         2    N/A
 Slow                     Hex            #.......     99%         2    N/A
 Song of Slaying          Chrm           #.......     99%         2    N/A
 Sticks to Snakes         Tmut           #.......     99%         2    N/A
 Swiftness                Chrm/Air       #.......     99%         2    N/A
 Call Canine Familiar     Summ           #.......     100%        3    N/A
 Confusing Touch          Hex            #.......     100%        3    N/A
 Dazzling Flash           Conj/Hex       #.....       100%        3    N/A
 Frozen Ramparts          Ice            #.....       100%        3    N/A
 Gell's Gravitas          Tloc           #.........   100%        3    N/A
 Ignite Poison            Fire/Tmut/Pois #.......     100%        3    N/A
 Inner Flame              Hex/Fire       #.......     100%        3    N/A
 Lesser Beckoning         Tloc           #.........   100%        3    N/A
 Ozocubu's Armour         Chrm/Ice       #.......     100%        3    N/A
 Portal Projectile        Hex/Tloc       #.....       100%        3    N/A
 Spectral Weapon          Hex/Chrm       #.......     100%        3    N/A
 Stone Arrow              Conj/Erth      #.....       100%        3    N/A
 Summon Guardian Golem    Hex/Summ       #.......     100%        3    N/A
 Teleport Other           Tloc           #.......     100%        3    N/A
 Tukima's Dance           Hex            #.......     100%        3    N/A
 Airstrike                Air            #.........   100%        4    N/A
 Cause Fear               Hex            #.........   100%        4    N/A
 Fulminant Prism          Conj/Hex       #.........   100%        4    N/A
 Hailstorm                Conj/Ice       #.......     100%        4    N/A
 Iskenderun's Mystic Bla  Conj/Tloc      #.......     100%        4    N/A
 Leda's Liquefaction      Hex/Erth       #.........   100%        4    N/A
 Passage of Golubria      Tloc           N/A          100%        4    N/A
 Petrify                  Tmut/Erth      #.......     100%        4    N/A
 Sticky Flame             Conj/Fire      #.......     100%        4    N/A
 Summon Ice Beast         Ice/Summ       #.......     100%        4    N/A
 Summon Lightning Spire   Summ/Air       #.......     100%        4    N/A
 Alistair's Intoxication  Tmut/Pois      #.......     100%        5    N/A
 Bolt of Magma            Conj/Fire/Erth #.........   100%        5    N/A
 Borgnjor's Vile Clutch   Necr/Erth      #.........   100%        5    N/A
 Fireball                 Conj/Fire      #.........   100%        5    N/A
 Iskenderun's Battlesphe  Conj/Chrm      #.......     100%        5    N/A
 Lee's Rapid Deconstruct  Erth           #.........   100%        5    N/A
 Metabolic Englaciation   Hex/Ice        #.........   100%        5    N/A
 Silence                  Hex/Air        #.........   100%        5    N/A
 Summon Forest            Summ/Tloc      #.........   100%        5    N/A
 Summon Mana Viper        Hex/Summ       #.......     100%        5    N/A
 Yara's Violent Unravell  Hex/Tmut       #.........   100%        5    N/A
 Darkness                 Hex            #.........   100%        6    N/A
 Dispersal                Tloc           #.........   100%        6    N/A
 Invisibility             Hex            #.......     100%        6    N/A
 Iron Shot                Conj/Erth      #.........   100%        6    N/A
 Shadow Creatures         Summ           N/A          100%        6    N/A
 Starburst                Conj/Fire      #.........   100%        6    N/A
 Haunt                    Necr/Summ      #.........   100%        7    N/A
 Malign Gateway           Summ/Tloc      #.........   100%        7    N/A
 Orb of Destruction       Conj           #.........   100%        7    N/A
 Ring of Flames           Chrm/Fire      #.........   100%        7    N/A
 Spellforged Servitor     Conj/Summ      #.........   100%        7    N/A
 Summon Hydra             Summ           #.........   100%        7    N/A
 Disjunction              Tloc           #.........   100%        8    N/A
 Ignition                 Fire           #.........   100%        8    N/A
 Infestation              Necr           #.........   100%        8    N/A
 Shatter                  Erth           #.........   100%        9    N/A
 Beastly Appendage        Tmut           Unusable     N/A         1    N/A
 Spider Form              Tmut/Pois      Unusable     N/A         3    N/A
 Ice Form                 Ice/Tmut       Unusable     N/A         4    N/A
 Blade Hands              Tmut           Unusable     N/A         5    N/A
 Statue Form              Tmut/Erth      Unusable     N/A         6    N/A
 Borgnjor's Revivificati  Necr           Unusable     N/A         8    N/A
 Death's Door             Chrm/Necr      Unusable     N/A         8    N/A
 Necromutation            Tmut/Necr      Unusable     N/A         8    N/A

Dungeon Overview and Level Annotations

Branches:
Dungeon (15/15)            Temple (1/1) D:5            Lair (6/6) D:9
  Swamp (4/4) Lair:2       Spider (4/4) Lair:4        Slime (0/5) Lair:6
    Orc (2/2) D:12            Elf (3/3) Orc:2        Vaults (5/5) D:13
  Crypt (0/3) Vaults:2     Depths (5/5) D:15            Zot (0/5) Depths:5
  Sewer (visited)           IceCv (visited)          WizLab (visited)
Gauntlet (visited)

Altars:
Ashenzari
Cheibriados
Dithmenos
Elyvilon
Fedhas
Gozag
Hepliaklqana
Kikubaaqudgha
Makhleb
Nemelex Xobeh
Okawaru
Qazlal
Ru
Sif Muna
Trog
Uskayaw
Vehumet
Wu Jian
Xom
Yredelemnul
Zin
The Shining One
Beogh

Shops:
D:5 [   D:7 (   D:8 *   D:9 !   D:13 =   D:15 (   Orc:2 (?%**=[[[=?[(   Elf:3 (
Lair:2 [=   Spider:1 [   Spider:4 *   Vaults:2 (   Depths:1 *==[
Depths:2 }[(*   Depths:5 (

Portals:
Hell: Depths:1 Depths:2 Depths:3 Depths:4 Depths:5
Abyss: Depths:3 Depths:4 Depths:5
Pandemonium: Depths:3 Depths:4
Ziggurat: Depths:2

Annotations:
Swamp:4 Bai Suzhen
Spider:2 Roxanne


Innate Abilities, Weirdness & Mutations

You do not eat or drink.
Your flesh is vulnerable to fire.
You are immune to poison.
Your flesh is cold resistant. (rC+)
You are immune to negative energy. (rN+++)
You are immune to unholy pain and torment.
You can survive without breathing.
You are in touch with the powers of death.


Message History

The hell knight almost stumbles in trying to escape.
The hell knight casts a spell.
The hell knight blinks!
The golden dragon breathes fire at you. The bolt of fire misses you.
As you read the scroll of fear, it crumbles to dust.
You assume a fearsome visage.
The titan resists with almost no effort.
The golden dragon easily resists.
The hell knight gestures wildly while chanting.
The hell knight blinks!
You block the titan's attack.
You puncture the titan!
Flame seeps out of the titan.
Your weapon exudes an aura of protection.
The titan is heavily wounded.
The hell knight gestures wildly while chanting.
The hell knight blinks!
The titan is engulfed in blazing flames.
Flame seeps out of the titan.
The titan hits you!!
You die...
Your body crumbles into a pile of gold.

#......# ##^.).^
########......# #......
#...§..#......# ##.....
# #......#......#
#...(.. ###
#.[[p..#......# ##!.(.^
..## #§[>[..'......#
##.#.# ...##
#...)..#......# ###(#
....## #...D.C#....%.#
##... .....##
#.....@#......# ##....
#.....# #......#....)[#
##..### ##....##
#......######(###..##.#
.##....#
#......##.....(#..##...
..#....#
#......##.....(#..'....
..'#...##
#......##......(..##...
...#....#
#......##......##..##.#
...#....#
#########......###..###
...#....# #......#
##....


You could see a titan (inner flame), a golden dragon (inner flame) and a hell
knight (inner flame).

Vanquished Creatures
  Mennas (Vaults:3)
  A juggernaut (Depths:4)
  Sojobo (Vaults:2)
  Boris (thrice) (Vaults:3 Depths:1 Depths:4)
  The ghost of Xayl the Devastator, a veteran FoIE of Vehumet (Depths:5)
  16 caustic shrikes
  3 golden dragons
  Arachne (Spider:1)
  A lich (Vaults:4)
  7 tentacled monstrosities
  Jorgrun (Spider:2)
  3 deep elf blademasters
  2 deep elf master archers (Elf:3)
  4 titans
  An eldritch tentacle (WizLab)
  7 sphinxes
  A sphinx (shapeshifter) (Depths:5)
  Donald (Spider:3)
  2 thorn hunters
  Agnes (Elf:1)
  7 shadow dragons
  9 tengu reavers
  Kirke (D:12)
  7 fire giants
  3 storm dragons
  10 frost giants
  Aizul (Swamp:2)
  A draconian knight (Depths:5)
  6 deep elf sorcerers (Elf:3)
  3 ghost moths
  14 vault wardens
  A juggernaut zombie (Depths:4)
  A draconian stormcaller (Depths:5)
  3 emperor scorpions
  3 spriggan defenders
  11 entropy weavers
  8 ironheart preservers
  17 very ugly things
  A green draconian (Depths:5)
  5 deep elf demonologists
  3 vampire knights
  10 stone giants
  A black draconian (Depths:5)
  15 deep elf annihilators
  Nessos (D:14)
  A white draconian (Depths:5)
  4 dire elephants (Lair:6)
  A minotaur (Gauntlet)
  Azrael (Spider:2)
  A red draconian (Depths:5)
  2 purple draconians (Depths:5)
  14 spark wasps
  2 deep elf death magi (Elf:3)
  2 yellow draconians
  8 ettins
  10 fire dragons
  A merfolk javelineer (Depths:3)
  Josephine (D:11)
  6 jiangshi
  14 yaktaur captains
  A green death (Gauntlet)
  A blizzard demon (Depths:1)
  The ghost of Macippes the Frost Mage, a journeyman DsIE of Vehumet (D:13)
  The ghost of adrianfles the Fighter, a journeyman MiFi of Okawaru (Orc:1)
  2 deep elf high priests
  Fannar (D:10)
  Harold (D:10)
  33 vault guards
  14 ogre magi
  7 rakshasas
  13 great orbs of eyes
  The ghost of pigah the Thaumaturge, a journeyman DrWn of Okawaru (Lair:2)
  27 hydras
  3 shambling mangroves
  8 centaur warriors
  A spriggan air mage (Depths:3)
  12 ice dragons
  The ghost of FishTaco the Fighter, a novice MiHu of Okawaru (D:8)
  An anaconda (Lair:6)
  39 two-headed ogres
  16 alligators
  7 tengu warriors
  5 ghost crabs
  2 death knights
  11 deep troll shamans
  3 death yaks
  Erica (D:10)
  2 orc high priests
  9 deep troll earth magi
  2 thrashing horrors (WizLab)
  7 spriggan berserkers
  A hell knight (Depths:5)
  Nergalle (Lair:2)
  2 soul eaters (Depths:1)
  2 vampire magi
  5 spriggans
  21 deep elf knights
  4 sun demons (Depths:1)
  4 iron trolls
  6 fire crabs (D:14)
  2 storm dragon skeletons
  A shadow wraith (Vaults:3)
  3 unseen horrors
  2 skeletal warriors (D:14)
  A spriggan druid (Swamp:4)
  2 obsidian statues
  A glowing orange brain (WizLab)
  A spectral hydra (Lair:2)
  12 swamp dragons
  4 wizards
  3 flayed ghosts
  18 deep elf archers
  26 deep trolls
  A deep troll (shapeshifter) (Depths:2)
  4 phantasmal warriors
  9 harpies
  6 necromancers
  40 ugly things
  13 ironbrand convokers
  16 orc knights
  25 orb spiders
  52 wolf spiders
  4 orc sorcerers
  A tengu skeleton (Depths:4)
  A manticore (D:11)
  A stone giant zombie (Vaults:1)
  A worldbinder (WizLab)
  64 deep elf magi
  A faun (shapeshifter) (Depths:5)
  5 cyclopes
  A manticore (shapeshifter) (Vaults:5)
  A shining eye (shapeshifter) (Depths:2)
  4 elephants (Lair:6)
  3 moths of wrath
  10 vault sentinels
  Psyche (D:11)
  A frost giant skeleton (Vaults:1)
  An ice statue (IceCv)
  7 black mambas
  A black mamba (shapeshifter) (Depths:4)
  2 iron dragon skeletons
  3 orange demons
  A stone giant skeleton (Vaults:1)
  A water nymph (shapeshifter) (Vaults:4)
  A molten gargoyle (D:15)
  2 apocalypse crabs
  A spiny frog (shapeshifter) (Vaults:3)
  20 spiny frogs
  A demonspawn skeleton (WizLab)
  3 rime drakes
  68 yaktaurs
  7 demonic crawlers
  7 komodo dragons
  A yaktaur skeleton (Vaults:4)
  15 freezing wraiths
  8 tengu conjurers
  An ancient zyme (WizLab)
  A komodo dragon (shapeshifter) (D:14)
  3 red devils (Depths:1)
  7 trolls
  10 tyrant leeches
  46 jumping spiders
  Grinder (D:5)
  A tengu simulacrum (Vaults:3)
  A polar bear (Lair:6)
  21 hornets
  11 bog bodies
  Prince Ribbit (D:8)
  6 dream sheep
  44 slime creatures
  An ettin zombie (Vaults:1)
  A blink frog (shapeshifter) (Depths:5)
  A meliai zombie (D:15)
  A slime creature (shapeshifter) (Vaults:4)
  16 blink frogs
  A spectral black mamba (Lair:2)
  6 hippogriffs
  A frost giant simulacrum (Vaults:4)
  Sigmund (D:4)
  8 shadows
  32 tarantellas
  83 redbacks
  8 wraiths
  10 water elementals
  2 vampires (D:13)
  A ynoxinul (WizLab)
  3 air elementals
  A chaos spawn (WizLab)
  3 fire elementals (Spider:1)
  5 hogs
  A wyvern (Lair:3)
  45 yaks
  A human (D:9)
  2 basilisks
  6 hungry ghosts
  3 death yak simulacra (IceCv)
  A steam dragon (shapeshifter) (Depths:4)
  A human (shapeshifter) (Elf:1)
  25 vampire mosquitoes
  Menkaure (D:5)
  A human simulacrum (Vaults:1)
  2 two-headed ogre zombies (D:10)
  7 swamp worms
  3 spatial vortices (WizLab)
  10 insubstantial wisps
  Edmund (D:6)
  6 wargs
  3 acid dragons (D:11)
  2 hell hounds
  7 porcupines
  16 swamp drakes
  18 water moccasins
  A floating eye (Depths:2)
  An orc zombie (D:10)
  A monstrous demonspawn skeleton (WizLab)
  2 black bears
  43 orc warriors
  An elephant zombie (Lair:5)
  An eye of draining (D:10)
  3 phantoms
  9 ice beasts
  51 ogres
  12 boggarts
  23 wolves
  A small abomination (WizLab)
  15 centaurs
  16 crocodiles
  5 big kobolds
  A komodo dragon zombie (Lair:5)
  20 bullfrogs
  A human skeleton (Vaults:1)
  A glowing shapeshifter simulacrum (Vaults:1)
  3 spiny frog simulacra (Lair:2)
  4 scorpions
  A killer bee (shapeshifter) (Elf:3)
  An elephant simulacrum (IceCv)
  8 killer bees
  A wight (D:8)
  4 electric eels (Lair:5)
  4 howler monkeys
  16 crimson imps
  A bullfrog zombie (D:5)
  A centaur zombie (D:6)
  A quasit (D:8)
  A komodo dragon simulacrum (Lair:2)
  14 orc priests
  3 draconian simulacra (IceCv)
  11 hounds
  7 centaur skeletons
  12 jellies
  3 bullfrog skeletons
  3 iron imps
  8 iguanas
  37 orc wizards
  15 worker ants
  7 troll simulacra (IceCv)
  2 spriggan simulacra (IceCv)
  A bullfrog simulacrum (D:11)
  2 centaur simulacra (IceCv)
  2 hound skeletons
  7 gnolls
  4 naga simulacra (IceCv)
  2 ogre simulacra (IceCv)
  A river rat (D:4)
  15 adders
  6 shadow imps
  16 white imps
  16 oozes
  2 adder skeletons
  4 worms
  15 leopard geckos
  123 orcs
  14 ball pythons
  13 giant cockroaches
  7 goblins
  3 hobgoblins (D:2)
  4 jackals (D:1)
  7 quokkas
  13 bats
  10 frilled lizards
  32 kobolds
  A leopard gecko skeleton (D:5)
  A quokka skeleton (D:4)
  3 rats
  A fungus (Elf:3)
  3 plants (Lair:6)
2243 creatures vanquished.

Vanquished Creatures (collateral kills)
  A wizard (Vaults:3)
  2 vault sentinels (Vaults:3)
3 creatures vanquished.

Vanquished Creatures (others)
  A tengu reaver (Vaults:3)
  An entropy weaver (D:14)
  23 dancing weapons
  A deep elf knight (Vaults:4)
  A spiny frog (Swamp:4)
  3 redbacks
  A wolf (shapeshifter) (Depths:3)
  A boggart (Depths:1)
  A bullfrog (D:12)
  A crimson imp (D:12)
  An orc wizard (D:8)
  2 orcs
  14 fungi
  15 plants
66 creatures vanquished.

Grand Total: 2312 creatures vanquished

Notes
Turn   | Place    | Note
-------+----------+-------------------------------------------
     0 | D:1      | Faca the Mummy Fighter began the quest for the Orb.
     0 | D:1      | Reached XP level 1. HP: 18/18 MP: 1/1
   508 | D:1      | Reached XP level 2. HP: 22/24 MP: 2/2
   687 | D:2      | Found a shadowy altar of Dithmenos.
   865 | D:2      | Reached XP level 3. HP: 25/29 MP: 3/3
  1409 | D:3      | Reached skill level 4 in Fighting
  1461 | D:3      | Reached XP level 4. HP: 19/37 MP: 4/4
  1471 | D:3      | Noticed a +0 dagger
  1816 | D:3      | Reached XP level 5. HP: 38/43 MP: 5/5
  1830 | D:3      | You fall into a shaft and drop 3 floors!
  1855 | D:5      | Entered Level 5 of the Dungeon
  1862 | D:5      | Noticed Edmund
  1880 | D:6      | Killed Edmund
  1880 | D:6      | Reached skill level 5 in Fighting
  2133 | D:5      | Reached XP level 6. HP: 51/51 MP: 6/6
  2139 | D:5      | Noticed Grinder
  2140 | D:5      | Noticed Menkaure
  2141 | D:5      | Paralysed by Grinder for 2 turns
  2159 | D:5      | Killed Menkaure
  2172 | D:5      | Killed Grinder
  2172 | D:5      | Reached skill level 6 in Fighting
  2172 | D:5      | Reached XP level 7. HP: 12/58 MP: 7/7
  2522 | D:4      | Found a glowing drain.
  2526 | D:4      | Got a slimy robe
  2562 | Sewer    | Entered a sewer
  2654 | Sewer    | Reached skill level 5 in Maces & Flails
  2888 | Sewer    | Reached skill level 7 in Fighting
  3214 | D:4      | Found a shadowy altar of Dithmenos.
  3248 | D:3      | Found an ornate altar of the Wu Jian Council.
  3427 | D:3      | Found a hide-covered altar of Uskayaw.
  3428 | D:3      | Noticed a +0 hand axe
  3473 | D:3      | Reached XP level 8. HP: 57/67 MP: 8/8
  3493 | D:3      | Identified the +1 robe of Xyoschet {+Blink} (You found it
                  | on level 4 of the Dungeon)
  3734 | D:4      | Noticed Sigmund
  3755 | D:4      | Killed Sigmund
  3901 | D:4      | Found a glowing golden altar of the Shining One.
  4005 | D:4      | Reached skill level 8 in Fighting
  4695 | D:5      | Found Irizos's Armour Shop.
  4777 | D:5      | Found a bloodstained altar of Trog.
  4817 | D:5      | Found a staircase to the Ecumenical Temple.
  4839 | Temple   | Entered the Ecumenical Temple
  5355 | D:5      | Reached XP level 9. HP: 44/75 MP: 9/9
  5482 | D:5      | Reached skill level 9 in Fighting
  5497 | D:5      | Noticed a two-headed ogre
  5511 | D:5      | Killed a two-headed ogre
  6127 | D:6      | Reached skill level 10 in Fighting
  6171 | D:6      | Found a shattered altar of Ashenzari.
  6171 | D:6      | Found a glowing silver altar of Zin.
  6820 | D:7      | Found an opulent altar of Gozag.
  6828 | D:7      | Became a worshipper of Gozag Ym Sagoz the Greedy
  6910 | D:7      | Found Vafruq's Weapon Boutique.
  6923 | D:7      | Reached XP level 10. HP: 86/86 MP: 10/10
  7026 | D:7      | Found a snail-covered altar of Cheibriados.
  7087 | D:7      | Found a shimmering altar of Xom.
  7146 | D:7      | Noticed an unseen horror
  7163 | D:7      | Killed an unseen horror
  7516 | D:8      | Found a sparkling altar of Nemelex Xobeh.
  7527 | D:8      | Found Ucyk's Demolitions Depot.
  7866 | D:8      | Noticed Prince Ribbit
  7995 | D:8      | Killed Prince Ribbit
  8385 | D:8      | Found a runed translucent door.
  8387 | D:8      | Noticed FishTaco's ghost (novice MiHu)
  8388 | D:8      | Identified the +6 spear "Ulocsy" {antimagic, +Inv rF-
                  | Dex+7}
  8671 | D:9      | Found a radiant altar of Vehumet.
  8682 | D:9      | Found a staircase to the Lair.
  8682 | D:9      | Noticed a death yak
  8683 | D:9      | Noticed a death yak
  8683 | D:9      | Noticed a death yak
  9079 | D:8      | Killed a death yak
  9079 | D:8      | Reached skill level 11 in Fighting
  9159 | D:9      | Found Myneret's Distillery.
  9424 | D:9      | Reached XP level 11. HP: 82/93 MP: 11/11
  9485 | D:9      | Reached skill level 5 in Armour
  9485 | D:9      | Reached skill level 5 in Shields
 10042 | D:8      | Killed a death yak
 10117 | D:9      | Killed a death yak
 10745 | D:10     | Entered Level 10 of the Dungeon
 10790 | D:10     | Found a transporter.
 10800 | D:10     | Noticed Fannar
 10863 | D:10     | Killed Fannar
 10945 | D:10     | Found a transporter.
 10960 | D:10     | Noticed Harold
 10989 | D:10     | Killed Harold
 11066 | D:10     | Noticed a two-headed ogre
 11086 | D:10     | Killed a two-headed ogre
 11118 | D:10     | Reached skill level 10 in Maces & Flails
 11350 | D:10     | Reached skill level 12 in Fighting
 11583 | D:10     | Noticed Erica
 11592 | D:10     | Killed Erica
 11760 | D:10     | Reached XP level 12. HP: 81/102 MP: 12/12
 11794 | D:10     | Got a twisted cloak
 12088 | D:10     | Identified the +2 cloak of Xeggooss {rElec rPois MP+9} (You
                  | found it on level 10 of the Dungeon)
 12381 | D:11     | Noticed an ettin
 12424 | D:11     | Noticed a two-headed ogre
 13001 | D:11     | Noticed Psyche
 13005 | D:11     | Paralysed by Psyche for 5 turns
 13015 | D:11     | Killed Psyche
 13122 | D:11     | Noticed Josephine
 13158 | D:11     | Killed Josephine
 13592 | D:11     | Noticed an eight-headed hydra
 13947 | D:11     | Killed a two-headed ogre
 14294 | D:11     | Identified the Volume of Distant Shores
 14367 | D:11     | Killed an ettin
 14718 | D:11     | Noticed an ice dragon
 15046 | D:5      | Bought a +1 pair of gloves of strength for 214 gold pieces
 15143 | Lair:1   | Entered Level 1 of the Lair of Beasts
 15516 | Lair:1   | Reached skill level 13 in Fighting
 15784 | Lair:1   | Gained mutation: You are in touch with the powers of death.
                  | [Mummy growth]
 15784 | Lair:1   | Reached XP level 13. HP: 111/111 MP: 13/13
 16160 | Lair:2   | Found a staircase to the Swamp.
 16189 | Lair:2   | Noticed Nergalle
 16219 | Lair:2   | Killed Nergalle
 16824 | Lair:2   | Found a runed translucent gate.
 16825 | Lair:2   | Found a runed translucent gate.
 16827 | Lair:2   | Found a runed translucent gate.
 16829 | Lair:2   | Noticed pigah's ghost (journeyman DrWn)
 17130 | Lair:3   | Found a frozen archway.
 17142 | IceCv    | Entered an ice cave
 17945 | IceCv    | Found an ancient bone altar of Kikubaaqudgha.
 19072 | Lair:3   | You fall into a shaft and drop 2 floors!
 19128 | Lair:4   | Found a gate leading to a gauntlet.
 19137 | Gauntlet | Entered a Gauntlet
 19137 | Gauntlet | Found a large runed translucent door.
 19137 | Gauntlet | Found a large runed translucent door.
 19137 | Gauntlet | Found a large runed translucent door.
 19137 | Gauntlet | Found a large runed translucent door.
 19137 | Gauntlet | Found a large runed translucent door.
 19137 | Gauntlet | Found a large runed translucent door.
 19137 | Gauntlet | Found a runed translucent door.
 19137 | Gauntlet | Found a transporter.
 19137 | Gauntlet | Found a transporter.
 19137 | Gauntlet | Found a runed translucent door.
 19137 | Gauntlet | Found a large runed translucent door.
 19137 | Gauntlet | Found a large runed translucent door.
 19137 | Gauntlet | Found a large runed translucent door.
 19137 | Gauntlet | Found a large runed translucent door.
 19137 | Gauntlet | Found a large runed translucent door.
 19137 | Gauntlet | Found a large runed translucent door.
 19141 | Gauntlet | Found a transporter.
 19141 | Gauntlet | Found a transporter.
 19150 | Gauntlet | Found a transporter.
 19167 | Gauntlet | Found a transporter.
 19177 | Gauntlet | Found a transporter.
 19177 | Gauntlet | Found a transporter.
 19182 | Gauntlet | Found a transporter.
 19183 | Gauntlet | Found a transporter.
 19207 | Gauntlet | Found a transporter.
 19214 | Gauntlet | Found a transporter.
 19233 | Gauntlet | Found a large runed translucent door.
 19234 | Gauntlet | Found a large runed translucent door.
 19236 | Gauntlet | Found a runed translucent gate.
 19238 | Gauntlet | Found a runed translucent gate.
 19238 | Gauntlet | Found a transporter.
 19239 | Gauntlet | Found a runed translucent gate.
 19256 | Gauntlet | Found a large runed translucent door.
 19257 | Gauntlet | Found a large runed translucent door.
 19283 | Gauntlet | Found a transporter.
 19297 | Gauntlet | Found a transporter.
 19413 | Gauntlet | Found a transporter.
 19419 | Gauntlet | Noticed a green death
 19621 | Gauntlet | Killed a green death
 19638 | Gauntlet | Got a heavily runed amethyst amulet
 19639 | Gauntlet | Identified the amulet "Rolieseff" {rF- rN+++ Regen+ Int+3
                  | Dex+2} (You found it in a Gauntlet)
 19698 | Gauntlet | Paralysed by a great orb of eyes for 6 turns
 19939 | Gauntlet | Noticed a minotaur
 19954 | Gauntlet | Killed a minotaur
 20171 | Lair:4   | Found a hole to the Spider Nest.
 20184 | Lair:4   | Identified the cursed +1 chain mail of the Ward {MR+ MP+9
                  | Int+4} (You found it on level 4 of the Lair of Beasts)
 20428 | Lair:3   | Reached XP level 14. HP: 99/119 MP: 14/14
 21365 | Lair:5   | Reached skill level 14 in Fighting
 22554 | Lair:6   | Entered Level 6 of the Lair of Beasts
 22847 | Lair:6   | Found a radiant altar of Vehumet.
 23091 | Lair:6   | Found a staircase to the Slime Pits.
 23702 | Lair:6   | Reached skill level 10 in Armour
 23714 | Lair:6   | Reached skill level 10 in Shields
 25836 | D:12     | Found a staircase to the Orcish Mines.
 25889 | D:12     | Identified the +10 short sword of Unpleasantness {vorpal,
                  | rF++ Dex+4}
 26295 | D:12     | Noticed Kirke
 26316 | D:12     | Killed Kirke
 26327 | D:12     | Identified the cursed +1 mace of Wondrous Power {vorpal,
                  | Fragile +Blink rPois Stlth+} (You found it on level 12 of
                  | the Dungeon)
 26392 | D:12     | Found a shimmering altar of Xom.
 26721 | Orc:1    | Entered Level 1 of the Orcish Mines
 26787 | Orc:1    | Found a large runed translucent door.
 26787 | Orc:1    | Found a large runed translucent door.
 26810 | Orc:1    | Noticed adrianfles's ghost (journeyman MiFi)
 26875 | Orc:1    | Reached XP level 15. HP: 127/127 MP: 15/15
 26987 | Orc:1    | Killed adrianfles's ghost
 27022 | Orc:2    | Entered Level 2 of the Orcish Mines
 27022 | Orc:2    | Found Saskuek's Jewellery Emporium.
 27025 | Orc:2    | Found a roughly hewn altar of Beogh.
 27583 | Orc:2    | Found Agiap's Magic Scroll Shop.
 27603 | Orc:2    | Found a staircase to the Elven Halls.
 27657 | Orc:2    | Found Qetuich's Antique Armour Boutique.
 27658 | Orc:2    | Found Nimecoly's Weapon Shoppe.
 28165 | Orc:1    | Reached skill level 15 in Fighting
 28690 | Orc:2    | Found Pisas's General Store.
 28690 | Orc:2    | Found Sathraech's General Store.
 28691 | Orc:2    | Found Wyeh's Food Shoppe.
 28691 | Orc:2    | Found Diupluer's Magic Scroll Shop.
 28829 | Orc:2    | Bought 3 scrolls of blinking for 382 gold pieces
 29333 | Orc:2    | Bought the cursed necklace of Bloodlust {*Rage +Rage MR++
                  | Int-3 Slay+6 *Curse} for 899 gold pieces
 29333 | Orc:2    | Found the cursed necklace of Bloodlust {*Rage +Rage MR++
                  | Int-3 Slay+6 *Curse}
 29333 | Orc:2    | Bought an uncursed ring of protection from fire for 325
                  | gold pieces
 29338 | Orc:2    | Bought a brightly glowing cloak for 361 gold pieces
 29339 | Orc:2    | Identified the +0 cloak of the Boiling Point {MR++ Str-3}
                  | (You bought it in a shop on level 2 of the Orcish Mines)
 29571 | D:13     | Found a gate to the Vaults.
 29684 | D:13     | Found Goaciun's Jewellery Boutique.
 29762 | D:13     | Found a sacrificial altar of Ru.
 29808 | D:13     | Found a runed translucent door.
 29809 | D:13     | Noticed Macippes's ghost (journeyman DsIE)
 29818 | D:13     | Killed Macippes's ghost
 30233 | D:14     | Noticed Nessos
 30248 | D:14     | Killed Nessos
 30790 | D:14     | Found a runed translucent door.
 32424 | D:14     | Reached XP level 16. HP: 117/137 MP: 16/16
 32687 | D:15     | Entered Level 15 of the Dungeon
 32997 | D:15     | Found Elett's Weapon Emporium.
 33377 | D:15     | Found a staircase to the Depths.
 33399 | D:15     | Identified a scroll of acquirement
 33399 | D:15     | Identified the +1 pair of boots of Tenacity {rPois Int+2}
                  | (You acquired it on level 15 of the Dungeon)
 33642 | Swamp:1  | Entered Level 1 of the Swamp
 33656 | Swamp:1  | Reached skill level 15 in Maces & Flails
 34128 | Swamp:1  | Reached skill level 16 in Fighting
 35582 | Swamp:2  | Noticed Aizul
 35604 | Swamp:2  | Killed Aizul
 35986 | Swamp:2  | Noticed a tentacled monstrosity
 36012 | Swamp:2  | Killed a tentacled monstrosity
 36600 | Swamp:3  | Noticed a thorn hunter
 36610 | Swamp:3  | Killed a thorn hunter
 37987 | Swamp:4  | Entered Level 4 of the Swamp
 38019 | Swamp:4  | Reached XP level 17. HP: 77/145 MP: 17/17
 39432 | Swamp:4  | Noticed Bai Suzhen
 40606 | Swamp:4  | Identified the +7 dagger of the Extremes {vorpal, Int+4}
 40795 | Swamp:4  | Got a decaying rune of Zot
 41119 | Lair:2   | Killed pigah's ghost
 41340 | Spider:1 | Entered Level 1 of the Spider Nest
 41755 | Spider:1 | Reached skill level 17 in Fighting
 41768 | Spider:1 | Reached skill level 1 in Throwing
 42668 | Spider:2 | Noticed Azrael
 42669 | Spider:2 | Noticed Arachne
 43093 | Spider:1 | Bought a runed tower shield for 240 gold pieces
 43546 | Spider:1 | Killed Arachne
 44620 | Spider:2 | Killed Azrael
 45028 | Spider:2 | Identified An Early Guide to the Arcane Arts
 45095 | Spider:2 | Reached XP level 18. HP: 145/155 MP: 18/18
 45178 | Spider:2 | Noticed Jorgrun
 45196 | Spider:2 | Killed Jorgrun
 45453 | Spider:2 | Identified Roxanne's Incunabulum of Transmutation
 45453 | Spider:2 | Noticed Roxanne
 47113 | Spider:3 | Noticed Donald
 47130 | Spider:3 | Killed Donald
 48090 | D:8      | Killed FishTaco's ghost
 48999 | Spider:4 | Entered Level 4 of the Spider Nest
 50883 | Spider:4 | Reached skill level 5 in Throwing
 51833 | Spider:4 | Got a gossamer rune of Zot
 52149 | Vaults:1 | Entered Level 1 of the Vaults
 52150 | Vaults:1 | Upgraded the game from 0.25-a0-829-g4e6a552 to
                  | 0.25-a0-834-g55863b0
 52404 | Vaults:1 | Reached XP level 19. HP: 116/163 MP: 19/19
 52524 | Vaults:1 | Reached skill level 18 in Fighting
 52548 | Vaults:1 | Found a flickering gateway to a bazaar.
 52557 | Bazaar   | Entered a bazaar
 52571 | Bazaar   | Found Cikk's Gadget Emporium.
 52571 | Bazaar   | Found Foibb's Assorted Antiques.
 52595 | Bazaar   | Found Fuarenim's Magic Scroll Emporium.
 52595 | Bazaar   | Found Ritabus's Distillery.
 52616 | Bazaar   | Found Rotasud's Magic Scroll Emporium.
 52679 | Bazaar   | Bought a scroll of magic mapping for 42 gold pieces
 52679 | Bazaar   | Bought a scroll of enchant weapon for 90 gold pieces
 52693 | Bazaar   | Bought a scroll of enchant armour for 112 gold pieces
 52693 | Bazaar   | Bought a scroll of silence for 112 gold pieces
 52707 | Bazaar   | Bought a scroll of enchant weapon for 127 gold pieces
 52707 | Bazaar   | Bought a scroll of torment for 127 gold pieces
 52987 | Vaults:1 | Identified the +2 helmet of Duty {*Contam Int+6} (You
                  | acquired it on level 1 of the Vaults)
 52987 | Vaults:1 | Identified the ring "Zithrail" {Int+3 Dex+2} (You acquired
                  | it on level 1 of the Vaults)
 57322 | Vaults:2 | Found a staircase to the Crypt.
 57322 | Vaults:2 | Found an ancient bone altar of Kikubaaqudgha.
 57323 | Vaults:2 | Found a basalt altar of Yredelemnul.
 57803 | Vaults:2 | Found Joc Yrof's Weapon Emporium.
 58336 | Vaults:3 | Noticed Sojobo
 58362 | Vaults:3 | HP: 7/164 [Sojobo/the air (30)]
 58375 | Vaults:3 | HP: 4/164 [wizard/bolt of cold (8)]
 58394 | Vaults:3 | HP: 5/164 [stone giant (6)]
 58879 | Vaults:3 | Reached XP level 20. HP: 160/172 MP: 20/20
 59698 | Vaults:3 | Noticed Mennas
 60202 | Vaults:3 | Killed Mennas
 60731 | Vaults:3 | Noticed Boris
 60775 | Vaults:3 | Killed Boris
 61583 | Vaults:2 | Killed Sojobo
 61816 | Vaults:4 | Identified the Tome of Paper
 62837 | Vaults:4 | Reached skill level 19 in Fighting
 63890 | Vaults:4 | Reached skill level 15 in Shields
 63903 | Vaults:4 | Reached skill level 15 in Armour
 65138 | Depths:1 | Entered Level 1 of the Depths
 65156 | Depths:1 | Bought a cursed amulet of inaccuracy for 38 gold pieces
 65159 | Depths:1 | Bought the +15 Maxwell's patent armour {-Cast -Tele rElec
                  | MR+ rCorr} for 1825 gold pieces
 65159 | Depths:1 | Found the +15 Maxwell's patent armour {-Cast -Tele rElec
                  | MR+ rCorr}
 65555 | Depths:1 | Reached XP level 21. HP: 180/180 MP: 21/21
 65600 | Depths:1 | Reached skill level 1 in Dodging
 65623 | Depths:1 | Found Qeext's General Store.
 65774 | Depths:1 | Found a magical portal.
 65798 | WizLab   | Entered The Roulette of Golubria
 65798 | WizLab   | Found a transporter.
 65801 | WizLab   | Found a corrupted altar of Lugonu.
 65802 | WizLab   | Found the +2 cloak of the Thief {+Fog Slay-2 SInv Stlth+}
 65836 | WizLab   | Found a transporter.
 65836 | WizLab   | Found a transporter.
 65845 | WizLab   | Found a transporter.
 65845 | WizLab   | Found a transporter.
 65935 | WizLab   | Found the +1 cloak of Starlight {rElec rC+ EV+4 Stlth--}
 65936 | WizLab   | Got a faintly humming cloak
 65937 | WizLab   | Identified the cursed +0 cloak of Xom's Condemnation {+Inv}
                  | (You found it in a wizard's laboratory)
 65941 | WizLab   | Found a transporter.
 65941 | WizLab   | Found a transporter.
 65961 | WizLab   | Found a transporter.
 65994 | WizLab   | Identified the +1 cloak "Tauweus" {rElec rCorr Stlth+} (You
                  | found it in a wizard's laboratory)
 66060 | WizLab   | Found a transporter.
 66060 | WizLab   | Found a transporter.
 66098 | WizLab   | Found a transporter.
 66098 | WizLab   | Found a transporter.
 66143 | WizLab   | Found a transporter.
 66143 | WizLab   | Found a transporter.
 66172 | WizLab   | Identified the Almanac of Translocation
 66179 | WizLab   | Found a transporter.
 66179 | WizLab   | Found a transporter.
 66241 | WizLab   | Found a transporter.
 66241 | WizLab   | Found a transporter.
 66293 | WizLab   | Found a transporter.
 66293 | WizLab   | Found a transporter.
 66462 | Depths:1 | Noticed Boris
 66482 | Depths:1 | Killed Boris
 66531 | D:15     | HP: 6/181 [deep troll (12)]
 67344 | Depths:1 | Found a gateway to Hell.
 68496 | Depths:2 | Found Exelut's Weapon Boutique.
 68500 | Depths:2 | Found Jozexten's Assorted Antiques.
 68500 | Depths:2 | Found Vicuibiv's Gadget Shop.
 68518 | Depths:2 | Found Goakucez's Armour Shop.
 69503 | Depths:2 | Found a gateway to a ziggurat.
 70091 | Depths:2 | Noticed a caustic shrike
 70102 | Depths:2 | Killed a caustic shrike
 70286 | Depths:2 | Identified the ring of Qicisch {rN+ Int+4 Slay+2}
 70404 | Depths:2 | Noticed a golden dragon
 70421 | Depths:2 | Killed a golden dragon
 71060 | Depths:2 | Reached XP level 22. HP: 183/190 MP: 22/22
 71063 | Depths:2 | Reached skill level 5 in Dodging
 71144 | Depths:3 | Paralysed by a floating eye for 3 turns
 71746 | Depths:3 | Found a one-way gate leading to the halls of Pandemonium.
 71756 | Depths:3 | Found a transporter.
 72352 | Depths:3 | Found a one-way gate to the infinite horrors of the Abyss.
 72781 | Depths:4 | Found the +6 shillelagh "Devastator" {shatter}
 72803 | Depths:4 | Reached skill level 20 in Fighting
 73202 | Depths:4 | Noticed a golden dragon
 73215 | Depths:4 | Killed a golden dragon
 73851 | Depths:4 | Noticed Boris
 73874 | Depths:4 | Killed Boris
 74818 | Depths:4 | HP: 9/190 [deep troll[a boggart] (10)]
 75846 | Depths:4 | Noticed a caustic shrike
 75847 | Depths:4 | Noticed a caustic shrike
 75847 | Depths:4 | Noticed a caustic shrike
 75847 | Depths:4 | Noticed a caustic shrike
 75847 | Depths:4 | Noticed a caustic shrike
 75848 | Depths:4 | Noticed a caustic shrike
 75848 | Depths:4 | Noticed a caustic shrike
 75849 | Depths:4 | Noticed a caustic shrike
 75849 | Depths:4 | Noticed a caustic shrike
 75882 | Depths:4 | Killed a caustic shrike
 75893 | Depths:4 | Killed a caustic shrike
 75903 | Depths:4 | Killed a caustic shrike
 75907 | Depths:4 | Killed a caustic shrike
 75912 | Depths:4 | Killed a caustic shrike
 75922 | Depths:4 | Killed a caustic shrike
 75922 | Depths:4 | Reached XP level 23. HP: 72/198 MP: 23/23
 75956 | Depths:4 | Killed a caustic shrike
 75976 | Depths:4 | Killed a caustic shrike
 76103 | Depths:4 | Noticed a caustic shrike
 76120 | Depths:4 | Killed a caustic shrike
 76886 | Depths:4 | Noticed a juggernaut
 76900 | Depths:4 | Killed a juggernaut
 77224 | Depths:4 | Identified the Handbook of the Blistering Traveller
 77308 | Depths:5 | Entered Level 5 of the Depths
 77606 | Depths:5 | Found a runed translucent door.
 77631 | Depths:5 | Noticed Xayl's ghost (veteran FoIE)
 77868 | Depths:5 | Noticed a caustic shrike
 77868 | Depths:5 | Noticed a caustic shrike
 77874 | Depths:5 | Noticed a caustic shrike
 77875 | Depths:5 | Noticed a caustic shrike
 77882 | Depths:5 | Killed a caustic shrike
 77898 | Depths:5 | Killed a caustic shrike
 77921 | Depths:5 | Killed a caustic shrike
 77925 | Depths:5 | Noticed a caustic shrike
 77928 | Depths:5 | Killed a caustic shrike
 77938 | Depths:5 | Killed a caustic shrike
 77946 | Depths:5 | Killed a caustic shrike
 79192 | Depths:5 | Found a gate to the Realm of Zot.
 79205 | Depths:5 | Reached skill level 21 in Fighting
 79705 | Depths:5 | Killed Xayl's ghost
 80059 | Elf:1    | Entered Level 1 of the Elven Halls
 80745 | Elf:1    | Noticed Agnes
 80746 | Elf:1    | Reached XP level 24. HP: 186/208 MP: 23/23
 80760 | Elf:1    | Killed Agnes
 80839 | Elf:1    | Identified the Disquisition on Conjuration
 81748 | Elf:2    | Found a runed translucent gate.
 81748 | Elf:2    | Found a runed translucent gate.
 81749 | Elf:2    | Found a runed translucent gate.
 82460 | Elf:3    | Entered Level 3 of the Elven Halls
 83916 | Elf:3    | Reached skill level 10 in Dodging
 83935 | Elf:3    | Identified the cursed +1 broad axe "Kullanos" {vorpal,
                  | rElec Dex+3}
 83938 | Elf:3    | Identified the +10 long sword of the Fifty Lies {vorpal,
                  | rElec rF- MR+++ Stlth+}
 84072 | Elf:3    | Identified the Guide on Stones
 84147 | Elf:3    | Identified the +9 trident "Diqus" {flame, Str+2 Dex+6}
 84310 | Elf:3    | Identified the Compendium of the Mountains
 84655 | Depths:3 | Found a transporter.
 85609 | Depths:3 | Identified the +0 pair of gloves "Ycsoblig" {rF+ rC+} (You
                  | found it on level 3 of the Depths)
 85627 | Depths:3 | Got a pitted silver amulet
 85628 | Depths:3 | Identified the amulet "Cihetz" {Inacc Str+3 Int+4} (You
                  | found it on level 3 of the Depths)
 86217 | Orc:2    | Bought the +2 helmet of the Game of Life {*Slow rF+ Regen+
                  | Str+3} for 438 gold pieces
 87831 | Vaults:5 | Entered Level 5 of the Vaults
 88088 | Vaults:4 | Reached XP level 25. HP: 156/216 MP: 23/23
 88636 | Vaults:5 | Noticed an ancient lich
 88650 | Vaults:4 | Slain by a titan

Levels and vault maps discovered:
D:1:      roderic_octagonal_star, layout_loops_ring
D:2:      layout_loops_ring, lemuel_crystal_altar, first_ration
D:3:      layout_basic, dancing_weapons_uskayaw, lemuel_crystal_altar
D:4:      layout_basic, tso_metal_star, cheibrodos_sewer_entry_sluice,
          bh_chokoban, nicolae_dithmenos_shadow_blocks, uniq_sigmund
D:5:      kennysheep_windowed_halls, layout_loops_ring, bloody_trog,
          minmay_temple_entry_statues_pillars, serial_shops, shop,
          kennysheep_generic_room_12, uniq_edmund, uniq_grinder, uniq_menkaure
D:6:      layout_loops_corners, gammafunk_temple_overflow_elements
D:7:      layout_basic, lemuel_doored_altar, nicolae_overflow_crystal_walls,
          grunt_gozag_breadcrumbs, serial_shops, shop
D:8:      minmay_bloctagon, layout_loops_ring, overflow_temple_1_default,
          ebering_ghost_funeral_grove, nicolae_blasting_shop,
          uniq_prince_ribbit1
D:9:      layout_irregular_city, vehumet_crystals, dpeg_lair_monsters,
          serial_shops, nicolae_shop_trees, grunt_livestock
D:10:     gammafunk_cloud_chamber, layout_basic, uniq_fannar, uniq_harold,
          uniq_erica
D:11:     minmay_the_grid_net [minmay_the_grid_eight, minmay_the_grid_tree,
          minmay_the_grid_medium_cups, minmay_the_grid_gridbox,
          minmay_the_grid_slots, minmay_the_grid_prize_inner_circle],
          layout_long_grid, uniq_josephine, uniq_psyche
D:12:     layout_loops_ring, hiddenorc2_lemuel, xom_teletrap_fun, uniq_kirke
D:13:     layout_gridville, david_vaults_1, ebering_ghost_reflecting_pool,
          serial_shops, shop, nicolae_ru_path_of_blood
D:14:     gammafunk_mikee_crab_dinner, layout_loops_corners,
          infiniplex_staircase_zigzag_2, uniq_nessos
D:15:     grunt_enter_depths_snipers, layout_loops_ring, skrybe_limestone_x,
          serial_shops, nicolae_shop_waterfront, nicolae_lava_and_water,
          billiards_dpeg
Temple:   zaba_magenta_temple
Lair:1:   beast_lair_carwin_large_1, layout_regular_city, st_stairs_11
Lair:2:   layout_loops_ring, minmay_swamp_entry_reptiles,
          gammafunk_ghost_necromancy, beast_lair_carwin_10, uniq_nergalle
Lair:3:   layout_concentric_octagons, portal_ice_cave_entry_pillars_1,
          serial_bayou_shore_b
Lair:4:   layout_cave_pods, dummy_spider_entry, gauntlet_entry_generic
Lair:5:   pond_and_an_island_with_a_cottage, layout_layer_cave,
          infiniplex_staircase_pool_2
Lair:6:   due_jungle_book, layout_loops_ring, nicolae_slime_entry_slimehenge,
          basic_altar
Swamp:1:  layout_falls_marsh, evilmike_swamp_ruin_house_1
Swamp:2:  cheibrodos_swamp_monstrosity, layout_basic_swamp,
          nicolae_swamp_little_tower, uniq_aizul
Swamp:3:  layout_falls_marsh, evilmike_swamp_ruin_house_3, swamp_pool4,
          st_swamp_ruins_3
Swamp:4:  swamp_basic_johnstein, layout_basic_swamp, swamp_pool4,
          uniq_bai_suzhen
Spider:1: layout_spider_delve, guppyfry_spider_mini_3
Spider:2: layout_spider_delve, nicolae_spider_nook, uniq_jorgrun, uniq_roxanne,
          uniq_arachne, uniq_azrael
Spider:3: layout_chambers, uniq_donald
Spider:4: grunt_spider_rune_parallel, nicolae_spider_webs_and_nodes
Orc:1:    layout_caves, ebering_ghost_disaster_area
Orc:2:    st_orc_ogre_mass, layout_caves, basic_altar, serial_shops, shop,
          nicolae_shop_temple_entry_statues_fountains,
          nicolae_shop_temple_entry_statues_fountains, shop
Elf:1:    layout_loops_corners, minmay_elf_annihilation, uniq_agnes
Elf:2:    layout_geoelf_octagon, glass_columns_a, minivault_24
Elf:3:    minmay_elf_hall_dome, layout_geoelf_diagonals
Vaults:1: ontoclasm_vaults_bender, nicolae_vaults_circle_grid_a, v_misc_26,
          v_misc_26, v_alt_pattern_4, grunt_vaults_hallway_short,
          dpeg_vaults_monster_row, nicolae_vaults_big_angled_halls,
          ontoclasm_vaults_idyll, v_misc_33, vaults_mumra_minichess_inversion,
          vaults_dpeg_doors, nicolae_vaults_little_squares_6,
          ontoclasm_vaults_gallery, layout_vaults_maze_snakey, serial_shops,
          bzr_entry_water
Vaults:2: minmay_crypt_entry_necro_gods, nicolae_vaults_network_quinsquares
          [nicolae_vaults_network_quincunx_subvault,
          nicolae_vaults_network_quincunx_subvault,
          nicolae_vaults_network_quincunx_subvault,
          nicolae_vaults_network_quincunx_subvault],
          hangedman_vaults_stretched_pinwheel, vaults_dpeg_ring,
          nicolae_vaults_little_squares_1, v_misc_10, layout_vaults_omnigrid,
          serial_shops, shop
Vaults:3: v_rooms_3, v_pattern_4, vaults_room_guarded_vault,
          vaults_dpeg_encased_lava, nicolae_vaults_little_squares_5, v_misc_5,
          ontoclasm_vaults_twist, hangedman_vaults_slice, v_misc_23,
          ontoclasm_vaults_misaligned, v_misc_3, hangedman_vaults_corner_blocks,
          layout_vaults_omnicross, uniq_boris, uniq_mennas, uniq_sojobo
Vaults:4: vaults_room_octagon, nicolae_vaults_little_squares_6,
          nicolae_vaults_an_arrangement, v_misc_14, hangedman_vaults_nails,
          vaults_room_octagon, v_rooms_2, nicolae_vaults_alarming,
          ontoclasm_vaults_chip, nicolae_vaults_ninety_degrees,
          vaults_room_semicircle, nicolae_vaults_puzzle_piece,
          nicolae_vaults_diagonal_hallway_7, vaults_room_semicircle,
          nicolae_vaults_ring_of_whatevers, layout_vaults_omnibox
Vaults:5
Depths:1: layout_gridville, minmay_misc_feat_rugged, serial_shops, shop,
          lightli_enter_wizlab_magi_temple, grunt_hell_entry_demonic_statue,
          kennysheep_generic_room_4
Depths:2: minmay_nine_rooms, layout_small_grid, enter_ziggurat_b,
          grunt_hell_entry_dis_mu, minmay_misc_feat_nine_boxes, drop_trap,
          serial_bayou_shore_b, minmay_staircase_bubble, minmay_shoptagon
Depths:3: gammafunk_the_bubble [the_bubble_gammafunk_crates], layout_cave_pools,
          pan_entry, hell_entry, hangedman_abyss_entry_splay, chequers_big_river
Depths:4: grunt_runaround [grunt_runaround_doors_1, grunt_runaround_doors_2,
          grunt_runaround_doors_3, grunt_runaround_doors_4,
          grunt_runaround_loot], abyss_entry, pan_entry, hell_entry
Depths:5: grunt_zot_entry_gee_three, layout_basic, abyss_entry, hell_entry,
          ebering_ghost_reflecting_pool, minmay_crystal_room

Skill      XL: |  1  2  3  4  5  6  7  8  9 10 11 12 13 14 15 16 17 18 19 20 21 22 23 24 25 |
---------------+----------------------------------------------------------------------------+-----
Maces & Flails | 2 3 4 5 7 8 9 10 11 13 14 16 17 18 19 20 | 20.2
Fighting       | 4 5 6 7 8 10 11 12 13 14 15 16 17 18 19 20 21 | 21.9
Shields        | 3 4 6 8 9 10 11 12 13 14 15 16 17 18 | 18.2
Armour         | 3 4 6 7 9 10 11 12 13 14 15 16 17 | 17.8
Throwing       | 3 5 7 8 |  8.8
Dodging        | 4 7 9 10 | 10.0

Action                   |  1- 3 |  4- 6 |  7- 9 | 10-12 | 13-15 | 16-18 | 19-21 | 22-24 | 25-27 || total
-------------------------+-------+-------+-------+-------+-------+-------+-------+-------+-------++-------
Melee: Flail             |   116 |    32 |   528 |   842 |  1720 |  2223 |  2453 |   540 |       ||  8454
       Mace              |       |    54 |       |       |       |       |       |       |       ||    54
       Morningstar       |       |       |       |       |       |       |       |  1546 |   189 ||  1735
Throw: Javelin           |       |       |       |     2 |       |     1 |       |       |       ||     3
       Boomerang         |       |       |       |       |       |     7 |    11 |       |       ||    18
Invok: Call Merchant     |       |       |       |       |     5 |     4 |     3 |     2 |       ||    14
Evoke: Wand              |       |       |       |       |     5 |    37 |     1 |       |       ||    43
  Use: Scroll            |     7 |       |     3 |     9 |    13 |    20 |    15 |    13 |     3 ||    83
 Stab: Distracted        |       |       |       |     2 |    10 |    14 |    17 |     7 |       ||    50
       Invisible         |       |       |       |     1 |       |       |       |       |       ||     1
       Petrified         |       |       |       |       |       |     6 |       |       |       ||     6
Armor: Scale mail        |    70 |    31 |   100 |       |       |       |       |       |       ||   201
       Chain mail        |       |       |   165 |    85 |       |       |       |       |       ||   250
       Plate armour      |       |       |       |   266 |   954 |  1600 |  1220 |   911 |   248 ||  5199
Dodge: Dodged            |    43 |    25 |   172 |   187 |   306 |   659 |   394 |   408 |   110 ||  2304
Block: Kite shield       |    68 |    39 |   269 |   443 |  1170 |  1925 |   338 |       |       ||  4252
       Tower shield      |       |       |       |       |       |       |  2071 |  2002 |   344 ||  4417

Table legend:
 A = Non-vault XP
 B = Vault XP
 C = Vault XP percentage of total XP
 D = Non-vault monster count
 E = Vault monster count
 F = Vault count percentage of total count
                 A         B        C        D         E       F
            +---------+---------+-------+---------+---------+-------
      Total |  560227 |  636377 |  53.2 |    1344 |     924 |  40.7
            +---------+---------+-------+---------+---------+-------
        D:1 |      18 |       0 |   0.0 |      11 |       0 |   0.0
        D:2 |      65 |       0 |   0.0 |      17 |       0 |   0.0
        D:3 |     215 |       0 |   0.0 |      37 |       0 |   0.0
        D:4 |     378 |     253 |  40.1 |      24 |       5 |  17.2
        D:5 |     367 |    1982 |  84.4 |      14 |      20 |  58.8
        D:6 |     949 |     158 |  14.3 |      27 |       1 |   3.6
        D:7 |    1532 |       0 |   0.0 |      30 |       0 |   0.0
        D:8 |    1062 |    4303 |  80.2 |      18 |      21 |  53.8
        D:9 |    1642 |    2638 |  61.6 |      27 |      10 |  27.0
       D:10 |    4281 |    3668 |  46.1 |      39 |       8 |  17.0
       D:11 |    3396 |   10004 |  74.7 |      28 |      28 |  50.0
       D:12 |    4850 |    3101 |  39.0 |      29 |      35 |  54.7
       D:13 |    2351 |    3347 |  58.7 |      10 |       6 |  37.5
       D:14 |    7143 |   13966 |  66.2 |      21 |      15 |  41.7
       D:15 |    6229 |    3710 |  37.3 |      10 |       6 |  37.5
     Lair:1 |    3378 |    2186 |  39.3 |      16 |      13 |  44.8
     Lair:2 |    4586 |    4665 |  50.4 |      18 |      22 |  55.0
     Lair:3 |    6816 |       0 |   0.0 |      26 |       0 |   0.0
     Lair:4 |    1368 |       0 |   0.0 |       7 |       0 |   0.0
     Lair:5 |    6683 |     732 |   9.9 |      26 |       3 |  10.3
     Lair:6 |   17921 |    2958 |  14.2 |      48 |      10 |  17.2
    Swamp:1 |   15016 |       0 |   0.0 |      45 |       0 |   0.0
    Swamp:2 |   16062 |    4920 |  23.4 |      37 |       2 |   5.1
    Swamp:3 |    9385 |    6541 |  41.1 |      25 |       7 |  21.9
    Swamp:4 |    9789 |   16334 |  62.5 |      19 |      28 |  59.6
   Spider:1 |   29351 |    5484 |  15.7 |      70 |      11 |  13.6
   Spider:2 |   11380 |    7848 |  40.8 |      32 |      12 |  27.3
   Spider:3 |   23197 |    7730 |  25.0 |      53 |      19 |  26.4
   Spider:4 |   10547 |   18726 |  64.0 |      31 |      37 |  54.4
      Orc:1 |    5687 |    8629 |  60.3 |      50 |      19 |  27.5
      Orc:2 |    3584 |   10608 |  74.7 |      22 |      17 |  43.6
      Elf:1 |   11319 |    8100 |  41.7 |      16 |      10 |  38.5
      Elf:2 |   13127 |   25339 |  65.9 |      22 |      30 |  57.7
      Elf:3 |   26710 |   38925 |  59.3 |      39 |      25 |  39.1
   Vaults:1 |   36442 |   18452 |  33.6 |      58 |      25 |  30.1
   Vaults:2 |   46729 |   12135 |  20.6 |      91 |      16 |  15.0
   Vaults:3 |   26500 |   28554 |  51.9 |      40 |      25 |  38.5
   Vaults:4 |   31839 |   58706 |  64.8 |      50 |      74 |  59.7
   Vaults:5 |    6834 |   17789 |  72.2 |      12 |      15 |  55.6
   Depths:1 |   30909 |    8511 |  21.6 |      33 |      27 |  45.0
   Depths:2 |   47053 |   31149 |  39.8 |      54 |      23 |  29.9
   Depths:3 |   13243 |   28630 |  68.4 |      25 |      18 |  41.9
   Depths:4 |    6967 |  151642 |  95.6 |       4 |     110 |  96.5
   Depths:5 |   53327 |   33020 |  38.2 |      33 |      19 |  36.5
      Sewer |       0 |     421 | 100.0 |       0 |      56 | 100.0
      IceCv |       0 |    6753 | 100.0 |       0 |      54 | 100.0
     WizLab |       0 |   18897 | 100.0 |       0 |      34 | 100.0
   Gauntlet |       0 |    4863 | 100.0 |       0 |       8 | 100.0
            +---------+---------+-------+---------+---------+-------
